 Dungeon Crawl Stone Soup version 0.27.0-1-g7a089689b8 (webtiles) character file.

Game seed: 2702814082146196553

66 lnt the Chopper (level 3, -2/31 HPs)
             Began as a Minotaur Berserker on Aug 4, 2021.
             Was a Believer of Trog.
             Succumbed to a gnoll's poison
             ... on level 1 of the Dungeon.
             The game lasted 00:05:25 (2342 turns).

lnt the Chopper (Minotaur Berserker)                Turns: 2342, Time: 00:05:26

Health: -2/31      AC:  6    Str: 21    XL:     3   Next: 96%
Magic:  2/2        EV: 11    Int:  4    God:    Trog [**....]
Gold:   74         SH:  0    Dex: 10    Spells: 2/2 levels left

rFire    . . .     SeeInvis .   a - +0 hand axe
rCold    . . .     Faith    .   (no shield)
rNeg     . . .     Spirit   .   n - +0 ring mail
rPois    .         Reflect  .   (helmet restricted)
rElec    .         Harm     .   m - +0 cloak
rCorr    .         Rampage  .   (no gloves)
Will     .....                  (no boots)
Stlth    ..........             (no amulet)
HPRegen  0.10/turn              (no ring)
MPRegen  0.08/turn              (no ring)

@: lethally poisoned (-2 -> -6), on berserk cooldown, slowed, very slow
A: horns 2, retaliatory headbutt
a: Renounce Religion, Berserk, Trog's Hand


You were on level 1 of the Dungeon.
You worshipped Trog.
Trog was pleased with you.
You visited 1 branch of the dungeon, and saw 2 of its levels.

You collected 74 gold pieces.

Inventory:

Hand Weapons
 a - a +0 hand axe (weapon)
Missiles
 j - 70 stones (quivered)
Armour
 b - a +0 animal skin
 g - a +0 leather armour
 m - a +0 cloak (worn)
 n - a +0 ring mail (worn)
Scrolls
 c - 4 scrolls of identify {unknown}
 d - a scroll of amnesia {unknown}
 f - a scroll of torment {unknown}
 h - a scroll of enchant armour {unknown}
 k - a scroll of teleportation {unknown}
Potions
 e - a potion of might {unknown}
 i - a potion of curing {unknown}
 l - a potion of mutation {unknown}


   Skills:
 - Level 3.6 Fighting
 + Level 5.9 Axes
 - Level 2.4 Armour
 - Level 2.1 Dodging


You had 2 spell levels left.
You didn't know any spells.
Your spell library was empty.

Dungeon Overview and Level Annotations

Branches:
Dungeon (2/15)

Altars:

Shops:
D:2 *


Innate Abilities, Weirdness & Mutations

You have a pair of horns on your head.
You reflexively headbutt those who attack you in melee.


Message History

The gnoll hits you from afar with a +0 spear.
The gnoll completely misses you. You furiously retaliate!
You headbutt the gnoll.
You kill the gnoll!
Trog accepts your kill.
You are too injured to fight recklessly!
You feel a strong urge to attack something.
The gnoll shouts!
The gnoll closely misses you. You furiously retaliate!
You headbutt the gnoll!
You kill the gnoll!
Trog accepts your kill.
Items here: ! $ ) [ †.
The gnoll shouts!
The gnoll throws a poisoned dart.
The poisoned dart barely misses you.
Things that are here:
a +0 spear; a gnoll corpse You feel your anger nearly subside.
Items here: ! $ ) [ †.
You are no longer berserk.
You are exhausted.
You feel yourself slow down.
You see here a +0 mace.
The gnoll hits you from afar with a +0 spear.
* * * LOW HITPOINT WARNING * * *
The gnoll hits you from afar with a +0 spear.
* * * LOW HITPOINT WARNING * * *
The gnoll throws a poisoned dart.
The poisoned dart hits you!
You are poisoned.
The gnoll hits you but does no damage.
* * * LOW HITPOINT WARNING * * *
You feel very sick.
There is a stone staircase leading up here.
* * * LOW HITPOINT WARNING * * *
You feel sick.
The gnoll hits you from afar with a +0 spear.
* * * LOW HITPOINT WARNING * * *
The gnoll hits you from afar with a +0 spear.
* * * LOW HITPOINT WARNING * * *
You climb upwards.
You die...

#...........#..##.####.##...#
###....######.##.##.#.........#
.................##.##.#.######
#############....##....#.#
#.............#######)#
####.####.#.#....# #####.#
...#....#.#......# #.....#
##.#..#.#.#####..###.....#
#.#..#.#.......@........#
##.#..#.######.#.##.####.########
.........#.....#.#..............#
.........#.......#...##########..
.........####....#...# #########.
.....)...# #....##..# #≈≈≈≈≈≈≈≈.
.........# #........# #≈####≈≈≈.
#######..# #........# #≈#<.####'
#..####........# #≈#..'....


There were no monsters in sight!

Vanquished Creatures
  2 gnolls (D:2)
  2 dart slugs
  2 ball pythons (D:1)
  5 bats
  6 endoplasms
  A giant cockroach (D:2)
  7 goblins (D:1)
  2 hobgoblins (D:2)
  3 jackals
  2 kobolds (D:2)
  3 quokkas
  A frilled lizard (D:1)
  2 rats (D:1)
38 creatures vanquished.

Notes
Turn   | Place    | Note
-------+----------+-------------------------------------------
     0 | D:1      | lnt the Minotaur Berserker began the quest for the Orb.
     0 | D:1      | Reached XP level 1. HP: 19/19 MP: 0/0
   193 | D:1      | Reached skill level 4 in Axes
   215 | D:1      | Reached XP level 2. HP: 26/26 MP: 1/1
   534 | D:1      | Reached skill level 5 in Axes
   756 | D:1      | Reached XP level 3. HP: 29/31 MP: 2/2
  1082 | D:2      | Found Bikloath's General Store.
  1111 | D:2      | Reached ** piety under Trog
  2341 | D:2      | HP: 1/31 [gnoll (2)]
  2342 | D:1      | Succumbed to a gnoll's poison

Illustrated notes

Levels and vault maps discovered:
D:1:      heliophobic_arrival_glass_houses, layout_basic
D:2:      minmay_chambers_of_twos, layout_basic, serial_shops,
          nicolae_square_shop, minmay_pentomino_u2

Skill      XL: |  1  2 |
---------------+-------+-----
Axes           | 4 5 |  5.9
Fighting       | |  3.6
Armour         | |  2.4
Dodging        | |  2.1

Action                   || total
-------------------------++-------
Melee: Hand axe          ||    60
       Headbutt          ||    10
Invok: Berserk           ||     1
Armor: Animal skin       ||     5
       Leather armour    ||    15
       Ring mail         ||     1
Dodge: Dodged            ||    36
